 Dungeon Crawl Stone Soup version 0.17.2-1-ge4368a0 (webtiles) character file.

25 Goblin1989 the Digger (level 3, 0/19 HPs)
             Began as a Kobold Earth Elementalist on Oct 17, 2016.
             Slain by a rat (1 damage)
             ... on level 1 of the Dungeon.
             The game lasted 00:04:50 (297 turns).

Goblin1989 the Digger (Kobold Earth Elementalist)    Turns: 297, Time: 00:04:51

Health: 0/19       AC:  2    Str:  6    XL:     3   Next: 17%
Magic:  3/6        EV: 15    Int: 13    God:
Gold:   0          SH:  0    Dex: 17    Spells: 1 memorised, 5 levels left

rFire  . . .     SeeInvis .     b - 21 stones
rCold  . . .     Clarity  .     e - +0 robe
rNeg   . . .     SustAt   .     (shield restricted)
rPois  .         Gourm    .     (no helmet)
rElec  .         Spirit   .     (no cloak)
rCorr  .         Warding  .     (no gloves)
rMut   .         Stasis   .     (no boots)
MR     .....                    (no amulet)
Stlth  ++........               (no ring)
                                (no ring)

@: very slightly contaminated, not resistant to hostile enchantments, unstealthy
A: carnivore 3
a: no special abilities


You were on level 1 of the Dungeon.
You were completely stuffed.

You visited 1 branch of the dungeon, and saw 2 of its levels.

Inventory:

Hand Weapons
 a - a +0 short sword
Missiles
 b - 21 stones (in hand)
Armour
 e - a +0 robe (worn)
Scrolls
 g - a scroll of identify {unknown}
 i - a scroll of magic mapping {unknown}
Potions
 h - a potion of heal wounds {unknown}
Books
 c - a book of Geomancy

   Spells                             Type                      Level
   a - Sandblast                      Earth                        1
   b - Stoneskin                      Transmutation/Earth          2
   c - Passwall                       Transmutation/Earth          3
   d - Stone Arrow                    Conjuration/Earth            3
   e - Petrify                        Transmutation/Earth          4
   f - Lee's Rapid Deconstruction     Earth                        5
Comestibles
 d - a meat ration {@e2}
 f - a royal jelly


   Skills:
 + Level 1.6 Short Blades
 - Level 2.4 Dodging
 - Level 2.6 Stealth
 - Level 2.2 Spellcasting
   Level 0.8 Transmutations
 - Level 3.5 Earth Magic


You had 5 spell levels left.
You knew the following spells:

 Your Spells              Type           Power        Failure   Level  Hunger
a - Sandblast             Erth           ##....       8%          1    ##.....


Dungeon Overview and Level Annotations

Branches:
Dungeon (2/15)

Altars:


Innate Abilities, Weirdness & Mutations

You are small and have problems with some larger weapons.
You are carnivorous and can eat meat at any time.


Message History

* * * LOW HITPOINT WARNING * * *
You take 3 damage, and have 3/19 hp.
Casting: Sandblast
Confirm with . or Enter, or press ? or * to list all spells.
Aiming: Sandblast
Press: ? - help, Shift-Dir - straight line, f - rat
Aim: a rat The rocky blast misses the rat.
The rat bites you.
* * * LOW HITPOINT WARNING * * *
You take 2 damage, and have 1/19 hp.
You now have 4/6 mp.
Casting: Sandblast
Confirm with . or Enter, or press ? or * to list all spells.
Aiming: Sandblast
Press: ? - help, Shift-Dir - straight line, f/p - rat
Aim: a rat You miscast Sandblast.
You are very lightly contaminated with residual magic.
You hear a distant rumble.
The rat bites you.
You die...

██ ██. █ ██.. █.. █.!.
█...███████████ ...
█............(████████..
.....gr@†............█..
██.█████████████.████...
█........ ███████..
██.██. ███.>███
████...████ ............
..█..███....


You could see a goblin and a rat.

Vanquished Creatures
  A gnoll (D:1)
  3 bats (D:1)
  3 giant cockroaches (D:1)
  2 goblins (D:1)
  A hobgoblin (D:1)
  3 kobolds (D:1)
  A giant newt (D:1)
14 creatures vanquished.

Vanquished Creatures (others)
  4 toadstools (D:1)
4 creatures vanquished.

Grand Total: 18 creatures vanquished

Notes
Turn   | Place    | Note
--------------------------------------------------------------
     0 | D:1      | Goblin1989 the Kobold Earth Elementalist began the quest for the Orb.
     0 | D:1      | Reached XP level 1. HP: 10/10 MP: 3/3
    61 | D:1      | Reached XP level 2. HP: 15/15 MP: 1/5
   194 | D:1      | Reached skill level 1 in Short Blades
   195 | D:1      | Reached XP level 3. HP: 3/19 MP: 0/6
   297 | D:1      | Slain by a rat

Action                   || total
-------------------------++-------
Melee: Short sword       ||    41
 Cast: Sandblast         ||    17
 Stab: Sleeping          ||     1
  Eat: Chunk             ||     7

Vault maps used:
D:1:      ldierk_walled_garden_2, serial_forest, infiniplex_forest_lined_2,
          infiniplex_forest_lined_3_way, infiniplex_forest_zigzag_1,
          infiniplex_forest_clump_small, infiniplex_forest_straight_4,
          infiniplex_forest_clump_tiny, st_stairs_5, minmay_cut_off
